AoeStats
← Franz

Enclosed

504968699Analyzed
1v1 RM · 26d ago on Sep 7, 2026· 50m 58s· 2 players
Game mode
Random Map
Map size
Tiny (2 player)
Population
200
Speed
Normal
Resources
Standard
Victory
Conquest
Starting age
Dark Age
Ending age
Imperial Age
RankedLock teamsTeams togetherTeam positionsShared explorationLock speedFull tech treeHidden civsTurbo modeCheats
Victory
Defeat
🇨🇳 Chinese · China
1046
+16
🇫🇷 Inca · France
1048
-37
永不磨損型
0:27 Loom
12:38 Feudal Age
14:23 Wheelbarrow
16:37 Castle Age
15:48 Scale Barding Armor
18:29 Chain Barding Armor
18:23 Bloodlines
17:58 Horse Collar
18:11 Gold Mining
30:23 Gold Shaft Mining
29:44 Double-Bit Axe
31:02 Hand Cart
30:40 Stone Mining
32:27 Town Watch
33:43 Stone Shaft Mining
34:14 Husbandry
34:41 Bow Saw
35:04 Town Patrol
36:12 Forging
38:02 Heavy Plow
42:15 Imperial Age
39:38 Fletching
39:49 Padded Archer Armor
40:14 Ballistics
40:05 Masonry
40:57 Thumb Ring
40:13 Crossbowman
40:52 Bodkin Arrow
40:58 Scale Mail Armor
41:34 Iron Casting
41:18 Leather Archer Armor
42:41 Chain Mail Armor
42:26 Murder Holes
42:42 Fortified Wall
42:23 Guard Tower
42:40 Siphons
43:52 Spies/Treason
44:28 Arbalester
46:15 Bracer
47:54 Architecture
48:26 Chemistry
48:03 Keep
48:03 Ring Archer Armor
48:04 Plate Mail Armor
51:14 Plate Barding Armor
51:41 Blast Furnace
51:35 Bombard Tower
Franz
4:07 Loom
10:54 Feudal Age
11:32 Double-Bit Axe
15:31 Forging
16:02 Wheelbarrow
16:27 Horse Collar
25:06 Town Watch
28:10 Scale Mail Armor
Connection lost

Rejoining the realm…

Still unreachable

The connection could not be restored.

Session expired

The server has moved on; the page needs a fresh start.